 Dungeon Crawl Stone Soup version 0.26.1-11-gd32895ea62 (webtiles) character file.

Game seed: 1434437858584471642

12229 Zeld the Blocker (level 11, -2/101 HPs)
             Began as a Minotaur Fighter on June 9, 2021.
             Was a High Priest of Okawaru.
             Killed by divine providence
             ... invoked by a meliai
              (16 damage)
             ... on level 14 of the Dungeon.
             The game lasted 00:16:01 (15916 turns).

Zeld the Blocker (Minotaur Fighter)                Turns: 15916, Time: 00:16:01

Health: -2/101     AC: 14    Str: 24    XL:     11   Next: 59%
Magic:  10/10      EV:  4    Int:  5    God:    Okawaru [*****.]
Gold:   649        SH: 22    Dex: 10    Spells: 10/10 levels left

rFire    . . .     SeeInvis .   a - +0 war axe
rCold    . . .     Faith    .   G - +2 tower shield
rNeg     . . .     Spirit   .   D - +0 plate armour
rPois    +         Reflect  .   E - +2 hat
rElec    .         Harm     .   F - +0 cloak
rCorr    .         Rampage  .   (no gloves)
Will     .....                  (no boots)
Stlth    ..........             (no amulet)
HPRegen  0.26/turn              H - ring of poison resistance
MPRegen  0.12/turn              (no ring)

@: mighty
A: retaliatory headbutt, horns 2
a: Renounce Religion, Heroism, Finesse


You were on level 14 of the Dungeon.
You worshipped Okawaru.
Okawaru was extremely pleased with you.
You visited 2 branches of the dungeon, and saw 16 of its levels.

You collected 649 gold pieces.

Inventory:

Hand Weapons
 a - a +0 war axe (weapon)
Missiles
 c - 7 atropa-tipped darts
 f - 3 throwing nets
 h - 29 poisoned darts (quivered)
 t - 9 boomerangs
Armour
 D - a +0 plate armour (worn)
 E - a +2 hat (worn)
 F - a +0 cloak (worn)
 G - a +2 tower shield (worn)
Jewellery
 g - an uncursed ring of resist corrosion
 H - a ring of poison resistance (left hand)
Wands
 j - a wand of polymorph (10)
 u - a wand of paralysis (10)
 y - a wand of flame (60)
Scrolls
 m - 3 scrolls of enchant weapon
 r - 6 scrolls of teleportation
 s - a scroll of magic mapping
 C - a scroll of vulnerability {unknown}
Potions
 b - 2 potions of flight {unknown}
 d - 2 potions of might
 e - 3 potions of attraction {unknown}
 i - 4 potions of haste {unknown}
 l - a potion of lignification {unknown}
 n - a potion of resistance
 p - 2 potions of mutation {unknown}
 q - a potion of degeneration {unknown}
 v - a potion of magic {unknown}
 z - a potion of cancellation {unknown}
 B - a potion of heal wounds {unknown}
 J - a potion of brilliance {unknown}


   Skills:
 + Level 10.5 Fighting
 * Level 13.7 Axes
 - Level 3.6 Armour
 * Level 13.9 Shields
 + Level 1.1 Evocations


You had 10 spell levels left.
You didn't know any spells.
Your spell library was empty.

Dungeon Overview and Level Annotations

Branches:
Dungeon (15/15)            Temple (1/1) D:4            Lair (0/6) D:8
    Orc (0/2) D:12
 Vaults: D:13-14     Depths: D:15

Altars:
Ashenzari
Cheibriados
Dithmenos
Elyvilon
Fedhas
Gozag
Hepliaklqana
Kikubaaqudgha
Makhleb
Nemelex Xobeh
Okawaru
Qazlal
Ru
Sif Muna
Trog
Uskayaw
Vehumet
Wu Jian
Xom
Yredelemnul
Zin
The Shining One


Innate Abilities, Weirdness & Mutations

You reflexively headbutt those who attack you in melee.
You have a pair of horns on your head.


Message History

The wight hits you but does no damage.
A skeletal warrior comes into view. It is wielding a +0 hand axe.
The meliai invokes the aid of its god against you.
Something smites you!
* * * LOW HITPOINT WARNING * * *
You feel better. You block the meliai's attack. x2
You block the wight's attack. The meliai hits you with a +0 hand axe.
* * * LOW HITPOINT WARNING * * *
You block the meliai's attack.
Unknown command.
Blink to where?
Press: ? - help, Dir - move target
As you read the scroll of blinking, it crumbles to dust.
A wraith comes into view.
The meliai calls down the wrath of its god upon you.
Something smites you!
* * * LOW HITPOINT WARNING * * *
The meliai calls down the wrath of its god upon you.
Something smites you!
You die...

#####...#.#
#.........#
#.........###
##...........#
#....###.....#
#............######
#....#####>........#
##........#.####.####
##.......#@#..†......#
#.....####.#.####.####
#..####....#.# #
#....)z.y..#.#
#.#####z##.#.# #.
y.z##W#.. #.
#y###..... #.


.zz ..... ####. You could see 2 skeletal warriors, a wraith, 2 meliai and 2
wights.

Vanquished Creatures
  Harold (D:7)
  A two-headed ogre (D:8)
  An unseen horror (D:11)
  Pikel (D:4)
  A centaur zombie (D:12)
  Maggie (D:8)
  2 trolls
  Prince Ribbit (D:8)
  2 shadows
  A wyvern (D:15)
  8 yaks
  Edmund (D:7)
  A soldier ant (D:13)
  7 orc warriors
  4 ice beasts
  2 black bears (D:7)
  2 sky beasts
  4 phantoms
  5 ogres
  8 centaurs
  2 lemures
  2 big kobolds
  5 bullfrogs
  A wyvern skeleton (D:12)
  3 scorpions
  14 killer bees
  18 wights
  4 howler monkeys
  3 bullfrog zombies
  3 quasits (D:9)
  4 jellies
  5 orc priests
  8 hounds
  5 orc wizards
  2 centaur skeletons
  3 bullfrog skeletons
  3 iguanas
  9 worker ants
  A worker ant zombie (D:7)
  A howler monkey zombie (D:5)
  8 gnolls
  12 adders
  A river rat (D:4)
  2 shadow imps
  4 white imps
  4 ufetubi
  An ooze (D:5)
  3 adder skeletons
  4 worms
  5 dart slugs
  6 leopard geckos
  39 orcs
  8 bats
  6 giant cockroaches
  4 goblins
  7 hobgoblins
  13 jackals
  4 quokkas
  2 ball pythons
  3 frilled lizards
  A jackal skeleton (D:5)
  A jackal zombie (D:5)
  11 kobolds
  2 quokka skeletons
  6 rats
307 creatures vanquished.

Vanquished Creatures (others)
  9 fungi (D:8)
  15 plants
24 creatures vanquished.

Grand Total: 331 creatures vanquished

Notes
Turn   | Place    | Note
-------+----------+-------------------------------------------
     0 | D:1      | Zeld the Minotaur Fighter began the quest for the Orb.
     0 | D:1      | Reached XP level 1. HP: 19/19 MP: 0/0
   306 | D:1      | Reached XP level 2. HP: 27/27 MP: 1/1
   760 | D:2      | Found an iron altar of Okawaru.
   791 | D:2      | Reached XP level 3. HP: 28/33 MP: 2/2
   796 | D:2      | Became a worshipper of Warmaster Okawaru
  1388 | D:2      | Reached XP level 4. HP: 25/40 MP: 3/3
  1669 | D:2      | Reached skill level 5 in Shields
  2077 | D:3      | Found a white marble altar of Elyvilon.
  2232 | D:3      | Found a sacrificial altar of Ru.
  2412 | D:4      | Reached XP level 5. HP: 47/47 MP: 4/4
  2485 | D:4      | Reached * piety under Okawaru
  2486 | D:4      | Reached skill level 5 in Axes
  2664 | D:4      | Found a staircase to the Ecumenical Temple.
  2779 | D:4      | Reached XP level 6. HP: 25/55 MP: 5/5
  2928 | D:4      | Reached skill level 5 in Fighting
  3423 | D:4      | Found a shadowy altar of Dithmenos.
  3424 | D:4      | Found a shimmering altar of Xom.
  4046 | D:4      | Found an ornate altar of the Wu Jian Council.
  4096 | D:5      | Entered Level 5 of the Dungeon
  4126 | D:5      | Reached XP level 7. HP: 61/61 MP: 6/6
  4215 | Temple   | Entered the Ecumenical Temple
  4806 | D:5      | Reached ** piety under Okawaru
  4933 | D:5      | Found a hide-covered altar of Uskayaw.
  5296 | D:6      | Noticed Pikel
  5372 | D:4      | Found a shimmering blue altar of Sif Muna.
  5379 | D:4      | Killed Pikel
  5379 | D:4      | Reached *** piety under Okawaru
  5380 | D:4      | Reached XP level 8. HP: 12/71 MP: 7/7
  5677 | D:6      | Noticed Edmund
  6810 | D:6      | Found a white marble altar of Elyvilon.
  7068 | D:7      | Killed Edmund
  7069 | D:7      | Reached XP level 9. HP: 53/79 MP: 8/8
  7689 | D:7      | Found a stormy altar of Qazlal.
  8030 | D:7      | Reached **** piety under Okawaru
  8031 | D:7      | Reached skill level 10 in Shields
  8505 | D:7      | Reached skill level 10 in Axes
  8710 | D:7      | Found a shimmering blue altar of Sif Muna.
  9112 | D:8      | Noticed Prince Ribbit
  9401 | D:8      | Killed Prince Ribbit
  9749 | D:8      | Noticed Harold
  9780 | D:8      | HP: 2/80 [Harold/+0 flail (12)]
 10105 | D:7      | Killed Harold
 10106 | D:7      | Reached XP level 10. HP: 74/90 MP: 9/9
 10208 | D:7      | Reached ***** piety under Okawaru
 10840 | D:8      | Noticed a two-headed ogre
 10849 | D:8      | Killed a two-headed ogre
 10901 | D:8      | Received a gift from Okawaru
 11063 | D:8      | Found a burning altar of Makhleb.
 11065 | D:8      | Found a glowing silver altar of Zin.
 11065 | D:8      | Noticed an angel
 11065 | D:8      | Noticed a blizzard demon
 11081 | D:8      | Noticed Maggie
 11101 | D:8      | Killed Maggie
 11757 | D:8      | Found a staircase to the Lair.
 12374 | D:9      | Found an opulent altar of Gozag.
 12539 | D:10     | Entered Level 10 of the Dungeon
 12576 | D:10     | Reached XP level 11. HP: 41/99 MP: 10/10
 12874 | D:10     | Found an iron altar of Okawaru.
 14180 | D:11     | Reached skill level 10 in Fighting
 14189 | D:11     | Killed an unseen horror
 14369 | D:11     | You fall into a shaft and drop 2 floors!
 14740 | D:12     | Found a staircase to the Orcish Mines.
 15219 | D:12     | You fall into a shaft and drop 3 floors!
 15219 | D:15     | Entered Level 15 of the Dungeon
 15238 | D:15     | Noticed a four-headed hydra
 15254 | D:15     | Received a gift from Okawaru
 15705 | D:14     | Reached skill level 1 in Evocations
 15912 | D:14     | Noticed a skeletal warrior
 15913 | D:14     | Noticed a skeletal warrior
 15914 | D:14     | Noticed a skeletal warrior
 15916 | D:14     | Killed from afar by a meliai

Illustrated notes

Levels and vault maps discovered:
D:1:      nagdon_arrival_double_spiral, layout_basic, minivault_25,
          hangedman_feature_mirror, serial_bayou_pond_e
D:2:      layout_basic, okawaru_gym_becter
D:3:      layout_basic, nicolae_ru_the_path_less_chosen, elyvilon_altar_5
D:4:      layout_basic, marbit_many_paths, nicolae_overflow_hidden_temple,
          minmay_temple_entry_statues_pillars, gup_sewer_entry_spiral,
          serial_bayou_pond_b
D:5:      layout_basic, kennysheep_mini_moat
D:6:      layout_rooms, kennysheep_little_box, uniq_edmund, uniq_pikel
D:7:      kennysheep_orc_sif_temple, layout_layer_cave, lemuel_doored_altar,
          minmay_puff
D:8:      layout_basic, grunt_temple_overflow_order_and_chaos_2,
          grunt_lair_entry_orc_guard_hut, grunt_decor_mini_mirrors, uniq_harold,
          uniq_prince_ribbit1, uniq_maggie
D:9:      layout_rooms, lemuel_crystal_altar
D:10:     layout_rooms, basic_altar
D:11:     layout_loops_ring
D:12:     layout_rooms, david_orc_2, enter_trove_1, serial_shops, shop,
          lemuel_statue_altar
D:13:     layout_rooms, david_vaults_1, serial_shops, shop, kennysheep_doodads
D:14:     layout_basic, special_room [special_room_orc], hex_tiny,
          kennysheep_small_square
D:15:     grunt_enter_depths_hoard, layout_loops_ring, serial_shops, shop
Temple:   cyrus_temple_forest

Skill      XL: |  1  2  3  4  5  6  7  8  9 10 11 |
---------------+----------------------------------+-----
Shields        | 4 5 6 8 9 11 12 13 | 13.9
Axes           | 3 4 5 6 8 9 11 12 13 | 13.7
Fighting       | 4 5 6 7 8 9 10 | 10.5
Evocations     | 1 |  1.1
Armour         | |  3.6

Action                   |  1- 3 |  4- 6 |  7- 9 | 10-12 || total
-------------------------+-------+-------+-------+-------++-------
Melee: War axe           |    89 |   127 |   259 |   517 ||   992
       Headbutt          |    12 |    20 |    51 |   115 ||   198
Throw: Dart              |       |       |     8 |       ||     8
Invok: Heroism           |       |       |     1 |     3 ||     4
       Finesse           |       |       |       |     1 ||     1
Evoke: Wand              |       |       |     5 |    19 ||    24
  Use: Scroll            |       |     6 |     3 |    11 ||    20
       Potion            |       |     5 |     1 |     4 ||    10
Armor: Scale mail        |    40 |    51 |    42 |       ||   133
       Plate armour      |       |       |    25 |   188 ||   213
Dodge: Dodged            |    27 |    43 |    63 |    80 ||   213
Block: Kite shield       |    52 |    85 |   172 |   102 ||   411
       Tower shield      |       |       |       |   341 ||   341
